 Dungeon Crawl Stone Soup version 0.27-a0-668-gb5737ff2c0 (webtiles) character file.

Game seed: 6012173507888299694

86 tilp the Sneak (level 4, 0/31 HPs)
             Began as an Octopode Transmuter on Mar 17, 2021.
             Succumbed to an adder's poison
             ... on level 3 of the Dungeon.
             The game lasted 00:02:58 (2901 turns).

tilp the Sneak (Octopode Transmuter)                Turns: 2901, Time: 00:02:59

Health: 0/31       AC:  3    Str:  9    XL:     4   Next: 50%
Magic:  6/7        EV: 13    Int: 16    God:
Gold:   89         SH:  0    Dex: 12    Spells: 4/7 levels left

rFire    . . .     SeeInvis .     - Unarmed
rCold    + . .     Faith    .   (no shield)
rNeg     . . .     Spirit   .   (helmet restricted)
rPois    .         Reflect  .   (no amulet)
rElec    .         Harm     .   c - ring of protection from cold
rCorr    .         Rampage  .   (no ring)
Will     .....                  (no ring)
Stlth    +++.......             (no ring)
HPRegen  0.10/turn              (no ring)
MPRegen  0.10/turn              (no ring)
                                (no ring)
                                (no ring)

@: mighty, lethally poisoned (0 -> -2)
A: almost no armour, amphibious, 8 rings, camouflage 1, gelatinous body 1,
nimble swimmer 1, tentacles, tentacle spike 1, yellow scales 1
a: no special abilities


You were on level 3 of the Dungeon.
You visited 1 branch of the dungeon, and saw 3 of its levels.

You collected 89 gold pieces.

Inventory:

Missiles
 b - 18 stones (quivered)
Jewellery
 c - a ring of protection from cold (left tentacle)
Scrolls
 a - 2 scrolls of teleportation
 e - a scroll of amnesia


   Skills:
 + Level 3.0 Fighting
 - Level 2.0 Dodging
 - Level 4.0 Stealth
 - Level 3.0 Unarmed Combat
 - Level 2.0 Spellcasting
 - Level 2.0 Transmutations


You had 4 spell levels left.
You knew the following spells:

 Your Spells              Type           Power      Damage    Failure   Level
a - Beastly Appendage     Tmut           16%        N/A       9%          1
b - Wereblood             Tmut           8%         N/A       14%         2

Your spell library contained the following spells:

 Spells                   Type           Power      Damage    Failure   Level
 Corona                   Hex            1%         N/A       21%         1
 Ensorcelled Hibernation  Hex/Ice        2%         N/A       30%         2
 Spider Form              Tmut/Pois      2%         N/A       38%         3
 Confusing Touch          Hex            1%         N/A       52%         3
 Dazzling Flash           Conj/Hex       2%         N/A       52%         3
 Tukima's Dance           Hex            1%         N/A       52%         3
 Ice Form                 Ice/Tmut       4%         N/A       80%         4
 Blade Hands              Tmut           4%         N/A       94%         5


Dungeon Overview and Level Annotations

Branches:
Dungeon (3/15)

Altars:
Kikubaaqudgha


Innate Abilities, Weirdness & Mutations

You cannot wear most types of armour.
You are amphibious.
You can wear up to eight rings at the same time.
Your skin changes colour to match your surroundings (Stealth+).
Your rubbery body absorbs attacks. (AC +1, EV +1)
You are stealthy while swimming. (Stealth+)
You have tentacles for arms and can constrict up to eight enemies at once.
One of your tentacles bears a spike.
You are partially covered in yellow scales. (AC +2)


Message History

You barely miss the adder. Your squeeze misses the adder.
The adder is lightly wounded.
You constrict the adder.
* * * LOW HITPOINT WARNING * * *
You feel sick. The adder barely misses you. The adder closely misses you.
Unknown command.
You bludgeon the adder!
You kill the adder!
Your Fighting skill increases to level 3!
Unknown command.
* * * LOW HITPOINT WARNING * * *
You feel sick.
You see here a quokka corpse.
* * * LOW HITPOINT WARNING * * *
You feel sick.
Your tentacle spike disappears.
You howl as the wereblood boils in your veins!
* * * LOW HITPOINT WARNING * * *
You feel sick.
Your primal bloodlust is almost over.
* * * LOW HITPOINT WARNING * * *
You feel sick.
You see here a red potion.
Okay, then.
Unknown command.
It was a potion of mutation.
You feel extremely strange.
One of your lower tentacles grows a sharp spike.
Yellow scales grow over part of your body.
* * * LOW HITPOINT WARNING * * *
You feel sick.
* * * LOW HITPOINT WARNING * * *
You feel sick.
Your primal bloodlust has ended.
* * * LOW HITPOINT WARNING * * *
You feel sick.
* * * LOW HITPOINT WARNING * * *
You feel sick.
* * * LOW HITPOINT WARNING * * *
You feel sick.
You die...

##################
..........@.......
####....########
##.##.......
#######..#########
#.......##
#.......#
#.......#
#......## #......#
......


There were no monsters in sight!

Vanquished Creatures
  Natasha (D:3)
  3 adders
  An ooze (D:1)
  2 leopard geckos
  3 bats
  5 goblins
  3 jackals (D:1)
  2 quokkas
  A frilled lizard (D:1)
  7 kobolds
  2 rats (D:1)
30 creatures vanquished.

Notes
Turn   | Place    | Note
-------+----------+-------------------------------------------
     0 | D:1      | tilp the Octopode Transmuter began the quest for the Orb.
     0 | D:1      | Reached XP level 1. HP: 13/13 MP: 3/3
    78 | D:1      | Reached skill level 1 in Stealth
    89 | D:1      | Reached skill level 2 in Stealth
    91 | D:1      | Reached XP level 2. HP: 16/18 MP: 5/5
    95 | D:1      | Learned a level 2 spell: Wereblood
   196 | D:1      | Reached skill level 3 in Stealth
   857 | D:2      | Reached skill level 4 in Stealth
   857 | D:2      | Reached XP level 3. HP: 15/23 MP: 4/6
  1625 | D:2      | Found a faded altar of an unknown god.
  2372 | D:2      | Found an ancient bone altar of Kikubaaqudgha.
  2864 | D:3      | Noticed Natasha
  2875 | D:3      | Killed Natasha
  2876 | D:3      | Reached XP level 4. HP: 10/30 MP: 4/7
  2884 | D:3      | Gained mutation: One of your tentacles bears a spike.
                  | [potion of mutation]
  2884 | D:3      | Gained mutation: You are partially covered in yellow
                  | scales. (AC +2) [potion of mutation]
  2893 | D:3      | HP: 1/31 [poisoned by an adder]
  2901 | D:3      | Succumbed to an adder's poison

Illustrated notes

Levels and vault maps discovered:
D:1:      onia_arrival_pyramid, layout_rooms, chequers_hall_statues_wall_a
D:2:      layout_basic, general_overflow_altar, chequers_ecumenical_altar_grove
D:3:      layout_rooms, uniq_natasha, uniq_terence

Skill      XL: |  1  2  3  4 |
---------------+-------------+-----
Stealth        | 2 4 |  4.0
Fighting       | 2 3 |  3.0
Dodging        | |  2.0
Unarmed Combat | |  3.0
Spellcasting   | |  2.0
Transmutations | |  2.0

Action                   |  1- 3 |  4- 6 || total
-------------------------+-------+-------++-------
Melee: Unarmed           |    67 |     2 ||    69
       Constrict         |    17 |       ||    17
       Tentacles         |    14 |       ||    14
       Kick              |     6 |       ||     6
Throw: Stone             |     2 |       ||     2
 Cast: Beastly Appendage |    16 |       ||    16
       Wereblood         |     2 |       ||     2
  Use: Scroll            |     3 |       ||     3
       Potion            |       |     2 ||     2
 Stab: Sleeping          |     5 |       ||     5
Armor: Skin              |     4 |       ||     4
Dodge: Dodged            |    34 |     2 ||    36

Table legend: (Time is in decaauts)
 A = Elapsed time spent in this place.
 B = Non-inter-level travel time spent in this place.
 C = Inter-level travel time spent in this place.
 D = Time resting spent in this place.
 E = Time spent auto-exploring this place.
 F = Levels seen in this place.
 G = Mean time per level.
                   A        B        C        D        E       F      G
               +--------+--------+--------+--------+--------+-----+--------+
         Total |   2897 |   2835 |     62 |   1111 |   1470 |   3 |  965.7 |
       Dungeon |   2897 |   2835 |     62 |   1111 |   1470 |   3 |  965.7 |
               +--------+--------+--------+--------+--------+-----+--------+

Top non-repeatable levels by time:
     D:2: 2024 daAuts
     D:1: 792 daAuts
     D:3: 80 daAuts
